 Dungeon Crawl Stone Soup version 0.28-a0-407-g69098e2f6d (webtiles) character file.

Game seed: 10991006984347095426

22 dolemite99 the Twirler (level 2, 0/22 HPs)
             Began as a Demonspawn Gladiator on Sept 5, 2021.
             Slain by an orc (4 damage)
             ... on level 2 of the Dungeon.
             The game lasted 00:00:57 (1254 turns).

dolemite99 the Twirler (Demonspawn Gladiator)       Turns: 1254, Time: 00:00:58

Health: 0/22       AC:  6    Str: 14    XL:     2   Next: 68%
Magic:  2/2        EV: 11    Int:  9    God:
Gold:   49         SH:  4    Dex: 14    Spells: 1/1 levels left

rFire   . . .      SeeInvis +   a - +0 quarterstaff
rCold   . . .      Faith    .   (shield currently unavailable)
rNeg    . . .      Spirit   .   i - +0 ring mail
rPois   .          Reflect  .   c - +0 helmet
rElec   .          Harm     .   (no cloak)
rCorr   .          Rampage  .   (no gloves)
Will    .....                   (no boots)
Stlth   +.........              (no amulet)
HPRegen 0.07/turn               b - ring of see invisible
MPRegen 0.08/turn               (no ring)

@: no status effects
A: large bone plates 1
a: no special abilities


You were on level 2 of the Dungeon.
You visited 1 branch of the dungeon, and saw 2 of its levels.

You collected 49 gold pieces.

Inventory:

Hand Weapons
 a - a +0 quarterstaff (weapon)
Missiles
 d - 3 throwing nets (quivered)
 g - 5 atropa-tipped darts
 h - 36 stones
Armour
 c - a +0 helmet (worn)
 i - a +0 ring mail (worn)
Jewellery
 b - a ring of see invisible (left hand)
Scrolls
 e - 2 scrolls of identify {unknown}
 f - a scroll of teleportation {unknown}
 j - a scroll of summoning {unknown}


   Skills:
 - Level 2.0 Fighting
 + Level 3.6 Staves
 - Level 1.7 Throwing
 - Level 2.6 Dodging


You had one spell level left.
You didn't know any spells.
Your spell library was empty.

Dungeon Overview and Level Annotations

Branches:
Dungeon (1/15)

Altars:
Beogh


Innate Abilities, Weirdness & Mutations

You are partially covered in large bone plates. (SH +4)


Message History

You hit the hobgoblin.
The hobgoblin is severely wounded.
The hobgoblin closely misses you.
You closely miss the hobgoblin.
The hobgoblin is severely wounded.
The hobgoblin hits you but does no damage.
You hit the hobgoblin.
You kill the hobgoblin!
No target in view!
No target in view!
You see here a +0 club.
j - a scroll labelled JAOSSU ZUSIATS No target in view!
You fall into a shaft and drop 1 floor!
The shaft crumbles and collapses. 4 orcs come into view.
An orc is wielding a +0 dagger and wearing a +0 leather armour of poison resistance.
The orc shouts! x3
Found a spear.
Found a roughly hewn altar of Beogh.
The orc hits you with a +0 hand axe.
You open the door. The orc misses you. The orc hits you with a +0 hand axe.
Found a gnoll skeleton.
The orc hits you with a +0 hand axe.
There is an open door here.
You see here a gnoll skeleton.
You closely miss the orc. The orc hits you with a +0 short sword.
You aren't carrying any potions.
You hit the orc but do no damage. The orc hits you with a +0 short sword.
You hit the orc but do no damage. The orc hits you with a +0 short sword.
* * * LOW HITPOINT WARNING * * *
You barely miss the orc. The orc hits you with a +0 short sword.
* * * LOW HITPOINT WARNING * * *
You aren't carrying any potions.
You barely miss the orc. The orc hits you but does no damage.
You hit the orc but do no damage. The orc closely misses you.
You barely miss the orc. You block the orc's attack.
You hit the orc but do no damage. You block the orc's attack.
You hit the orc but do no damage. The orc hits you but does no damage.
The orc hits you with a +0 short sword.
You die...

#.)...
..⌠...
......
#.....#
##.......
##........
#....§§...
###o...#≈#
#@oo...§§≈..
###o...#≈#..
#........
##........
##.......
###+###


You could see 4 orcs.

Vanquished Creatures
  A dart slug (D:1)
  4 endoplasms (D:1)
  A goblin (D:1)
  2 hobgoblins (D:1)
  A quokka (D:1)
  2 ball pythons (D:1)
  2 frilled lizards (D:1)
  3 kobolds (D:1)
  4 rats (D:1)
20 creatures vanquished.

Notes
Turn   | Place    | Note
-------+----------+-------------------------------------------
     0 | D:1      | dolemite99 the Demonspawn Gladiator began the quest for the
                  | Orb.
     0 | D:1      | Reached XP level 1. HP: 16/16 MP: 1/1
   695 | D:1      | Reached skill level 3 in Staves
   772 | D:1      | Gained mutation: You are partially covered in large bone
                  | plates. (SH +4) [demonic ancestry]
   772 | D:1      | Reached XP level 2. HP: 22/22 MP: 2/2
  1241 | D:1      | You fall into a shaft and drop 1 floor!
  1254 | D:2      | Slain by an orc

Illustrated notes

Levels and vault maps discovered:
D:1:      nzn_arrival_water_spiral, layout_loops_ring,
          chequers_serial_rivers_micro_a
D:2:      layout_basic, hellmonk_ecumenical_altar_defaced_shrine

Skill      XL: |  1 |
---------------+----+-----
Staves         | 3 |  3.6
Fighting       | |  2.0
Throwing       | |  1.7
Dodging        | |  2.6

Action                   || total
-------------------------++-------
Melee: Quarterstaff      ||    71
 Stab: Sleeping          ||     1
Armor: Leather armour    ||     8
       Ring mail         ||     8
       Skin              ||     1
Dodge: Dodged            ||    34
Block: Other             ||    11

Table legend: (Time is in decaauts)
 A = Elapsed time spent in this place.
 B = Non-inter-level travel time spent in this place.
 C = Inter-level travel time spent in this place.
 D = Time resting spent in this place.
 E = Time spent auto-exploring this place.
 F = Levels seen in this place.
 G = Mean time per level.
                   A        B        C        D        E       F      G
               +--------+--------+--------+--------+--------+-----+--------+
         Total |   1263 |   1263 |      0 |    591 |    468 |   2 |  631.5 |
       Dungeon |   1263 |   1263 |      0 |    591 |    468 |   2 |  631.5 |
               +--------+--------+--------+--------+--------+-----+--------+

Top non-repeatable levels by time:
     D:1: 1249 daAuts
     D:2: 13 daAuts
